Map: [ESL] Dragon Scales

Players

Lambo

  • Race: Zerg Zerg
  • Spawn Location: 5:00

Serral - Winner!

  • Race: Zerg Zerg
  • Spawn Location: 11:00

Event: ESL SC2 Masters 2023 Summer (Regionals)

VOD

Have the link to the VOD?

Description

Time

  • Played on: May 19, 2023, 11:54 a.m.
  • Length: 9:32

All games in this series

Show
View Real Time Build Order
Export as new Build Order

Lambo Zerg 

Build Orders: Hatch First 

Get SALT Encoding   

  12  0:00  Drone  
  13  0:12  Overlord  
  13  0:16  Drone  
  14  0:30  Drone x2  
  16  0:47  Hatchery  
  15  0:50  Drone  
  15  0:54  Drone  
  17  0:57  Drone  
  18  1:07  Extractor  
  17  1:12  Spawning Pool  
  17  1:15  Drone  
  17  1:18  Drone  
  18  1:27  Drone  
  19  1:38  Drone  
  20  1:48  Drone  
  21  1:59  Queen x2  
  21  2:00  Overlord, Zergling x2  
  26  2:07  Metabolic Boost  
  26  2:10  Drone x2  
  28  2:20  Drone  
  28  2:21  Drone  
  30  2:32  Drone  
  30  2:33  Drone  
  32  2:38  Hatchery  
  32  2:42  Drone  
  32  2:46  Baneling Nest  
  32  2:49  Overlord  
  31  2:54  Drone  
  31  2:55  Zergling x2  
  33  3:08  Drone x4  
  33  3:09  Queen  
  33  3:11  Zergling x2  
  40  3:14  Overlord  
  40  3:17  Zergling x2  
  40  3:19  Drone  
  42  3:22  Drone  
  42  3:25  Zergling x2  
  44  3:31  Baneling x2  
  44  3:33  Baneling  
  44  3:34  Zergling x2  
  45  3:37  Baneling  
  45  3:39  Zergling x10  
  52  3:49  Drone  
  56  3:55  Drone x4  
  56  3:59  Drone  
  56  4:01  Roach Warren  
  56  4:02  Drone  
  57  4:05  Drone  
  57  4:09  Drone  
  57  4:13  Extractor  
  57  4:14  Overlord  
  57  4:16  Drone  
  57  4:17  Overlord  
  57  4:19  Overlord  
  57  4:37  Drone x5  
  57  4:38  Drone x2  
  64  4:39  Overlord  
  64  4:44  Roach x7  
  78  4:52  Drone  
  79  4:54  Overlord  
  79  4:55  Drone x3  
  79  4:57  Lair  
  79  4:59  Drone  
  83  5:00  Extractor, Drone  
  83  5:09  Drone x2  
  83  5:10  Drone  
  83  5:11  Evolution Chamber  
  85  5:17  Drone x3  
  85  5:19  Overlord, Drone x2  
  85  5:20  Drone x2  
  92  5:24  Extractor  
  91  5:32  Drone x2  
  91  5:33  Drone x3  
  91  5:34  Extractor  
  94  5:35  Extractor  
  94  5:37  Drone x2  
  94  5:38  Zerg Missile Weapons Level 1  
  94  5:42  Drone, Evolution Chamber  
  95  5:46  Drone x3  
  95  5:49  Pneumatized Carapace  
  98  5:52  Overlord  
  98  5:56  Hatchery  
  97  5:58  Roach x4  
  97  5:59  Glial Reconstitution  
  97  6:01  Overseer  
  105  6:07  Drone  
  105  6:10  Overlord  
  105  6:12  Baneling  
  105  6:13  Roach  
  105  6:14  Roach x3  
  105  6:17  Overlord  
  113  6:20  Overlord  
  113  6:27  Overlord, Zerg Ground Armor Level 1  
  113  6:29  Overlord  
  113  6:31  Overlord  
  113  6:32  Roach x4  
  121  6:34  Overlord  
  121  6:36  Roach  
  121  6:38  Drone, Hydralisk Den  
  121  6:39  Overlord  
  123  6:46  Roach x3  
  129  6:49  Roach  
  129  6:50  Roach x2  
  129  6:53  Ravager  
  136  6:56  Roach  
  136  6:57  Roach x3  
  136  7:00  Overlord  
  144  7:03  Roach  
  146  7:11  Roach x5  
  154  7:19  Roach x4  
  154  7:20  Muscular Augments  
  154  7:22  Roach  
  155  7:29  Spore Crawler x2  
  151  7:31  Hydralisk x4, Spore Crawler  
  151  7:34  Hydralisk  
  157  7:37  Overlord  
  157  7:38  Hydralisk  
  157  7:42  Hydralisk x2  
  163  7:47  Hydralisk x2  
  167  7:53  Overlord  
  167  7:54  Overlord  
  167  7:55  Overlord  
  173  7:58  Roach x3  
  173  8:01  Overlord  
  173  8:02  Baneling x2  
  173  8:04  Overlord  
  173  8:05  Overlord  
  173  8:08  Overlord  
  173  8:12  Overlord  
  173  8:13  Overlord  
  173  8:15  Ravager  
  173  8:16  Ravager x2  
  173  8:17  Roach  
  173  8:18  Roach  
  180  8:21  Roach  
  180  8:24  Roach x2  
  180  8:25  Ravager  
  180  8:26  Roach  
  187  8:30  Roach x3  
  187  8:32  Roach  
  197  8:34  Roach  
  197  8:36  Roach  
  199  8:52  Roach x8  
  199  8:55  Roach  
  177  8:57  Roach  
  177  8:59  Roach x2  
  149  9:04  Hydralisk x2  
  149  9:07  Hydralisk  
  140  9:13  Roach  
Show
View Real Time Build Order
Export as new Build Order

Serral Zerg - Winner!

Build Orders: Hatch First 

Get SALT Encoding   

  12  0:01  Drone  
  13  0:12  Overlord  
  13  0:16  Drone  
  14  0:31  Drone x2  
  16  0:47  Hatchery  
  15  0:51  Drone  
  15  0:54  Drone  
  17  0:58  Drone  
  18  1:08  Extractor  
  17  1:13  Spawning Pool  
  17  1:16  Drone  
  17  1:19  Drone  
  18  1:28  Drone  
  19  1:39  Drone  
  20  1:50  Drone  
  21  1:59  Queen x2  
  21  2:00  Overlord, Zergling x2  
  26  2:08  Metabolic Boost  
  26  2:10  Drone  
  26  2:11  Drone  
  28  2:21  Zergling x2  
  28  2:22  Drone  
  30  2:33  Hatchery  
  29  2:38  Drone  
  29  2:39  Drone  
  29  2:44  Drone  
  32  2:48  Baneling Nest  
  32  2:51  Overlord  
  31  2:54  Drone  
  31  2:56  Drone  
  33  3:05  Drone  
  34  3:06  Drone  
  34  3:09  Zergling x8  
  34  3:12  Zergling x2  
  40  3:14  Zergling x2  
  41  3:20  Overlord  
  41  3:23  Drone  
  41  3:27  Queen  
  42  3:32  Baneling x2  
  44  3:40  Drone x4, Zergling x2  
  49  3:42  Drone x2  
  49  3:46  Drone x2  
  53  3:51  Drone x2  
  54  3:58  Zergling x2  
  54  3:59  Evolution Chamber  
  54  4:00  Zergling x2  
  55  4:03  Drone  
  55  4:04  Extractor  
  55  4:06  Drone x2  
  55  4:07  Drone  
  58  4:10  Overlord  
  57  4:18  Extractor, Roach Warren  
  57  4:22  Overlord, Drone x2  
  57  4:28  Zerg Missile Weapons Level 1  
  57  4:29  Drone x2  
  57  4:30  Drone x2  
  61  4:35  Drone  
  61  4:37  Drone x3  
  65  4:41  Lair  
  65  4:44  Baneling  
  65  4:47  Drone, Baneling  
  65  4:48  Overlord  
  65  4:51  Drone x2  
  68  4:53  Overlord  
  68  4:58  Drone  
  69  5:00  Overlord  
  69  5:02  Overlord  
  69  5:05  Roach x2  
  72  5:10  Spine Crawler  
  72  5:13  Drone  
  72  5:14  Drone x2  
  74  5:15  Roach  
  74  5:18  Roach  
  74  5:19  Drone x3  
  81  5:23  Overlord  
  81  5:26  Overlord  
  81  5:30  Roach  
  81  5:31  Roach  
  81  5:32  Drone x3  
  81  5:34  Extractor  
  81  5:35  Extractor, Overlord  
  87  5:36  Extractor  
  87  5:41  Spire  
  87  5:42  Glial Reconstitution  
  85  5:43  Drone  
  85  5:44  Drone x3  
  85  5:45  Overseer  
  85  5:49  Drone x2  
  91  5:53  Drone x3  
  94  6:01  Overlord  
  94  6:02  Hatchery  
  93  6:05  Overlord  
  93  6:08  Overlord  
  92  6:12  Roach x3  
  98  6:18  Overlord  
  98  6:20  Drone  
  98  6:21  Drone x2  
  98  6:22  Roach  
  98  6:23  Roach x2  
  107  6:26  Overlord  
  107  6:29  Zerg Missile Weapons Level 2  
  107  6:36  Overlord  
  107  6:49  Roach x7  
  107  6:50  Roach x2  
  125  6:54  Mutalisk x4  
  125  6:56  Extractor  
  125  7:01  Mutalisk  
  132  7:04  Roach x4  
  141  7:13  Roach x3  
  146  7:17  Roach x4  
  148  7:27  Drone x3  
  148  7:28  Centrifugal Hooks  
  151  7:31  Roach  
  151  7:34  Roach x2  
  157  7:39  Overlord x2  
  157  7:53  Zergling x14  
  157  7:57  Zergling x4  
  166  7:59  Zergling x12  
  166  8:01  Roach  
  166  8:02  Roach  
  176  8:08  Roach  
  176  8:09  Roach  
  180  8:13  Roach x2  
  180  8:18  Roach  
  186  8:21  Roach x4  
  194  8:27  Roach x3  
  194  8:29  Baneling x20  
  194  8:30  Baneling  
  194  8:33  Baneling x7  
  200  8:35  Baneling x3  
  200  8:36  Baneling  
  200  8:46  Overlord  
  199  8:51  Roach x3  
  171  8:57  Roach x6  
  176  9:02  Roach  
  176  9:03  Roach x2  
  176  9:09  Roach x4  
Tags
 
Add a new tag
Caveats
  • Supply blocks, unpowered buildings, or Contaminate may cause inaccurate times.
  • Supply counts are checked every 10 seconds.